[Event "45th FIDE Olympiad 2024"]
[Site "Budapest"]
[Date "2024.09.11"]
[Round "1.143"]
[White "Djukic, Nikola"]
[Black "Corbin, Philip"]
[Result "1-0"]
[ECO "C40"]
[WhiteElo "2515"]
[BlackElo "1916"]
[Annotator "TA"]
[PlyCount "81"]
[EventDate "2024.09.05"]
[EventType "team-tourn"]
[EventCountry "HUN"]
[SourceTitle "playchess.com"]
[Source "ChessBase"]
[SourceQuality "1"]
[WhiteTeam "Montenegro"]
[BlackTeam "Barbados"]
[WhiteTeamCountry "MNE"]
[BlackTeamCountry "BAR"]
[TimeControl "40/5400+30:1800+30"]

1. e4 e5 2. Nf3 d5 3. exd5 Bd6 4. d4 e4 5. Ne5 Nf6 6. Bb5+ c6 7. dxc6 bxc6 8. Ba4 {White is better.} (8. Bxc6+ Nxc6 9. Nxc6 Qb6 $14) 8... O-O 9. Nc3 (9. Bxc6 $2 Nxc6 10. Nxc6 Qb6 $19) 9... Ba6 10. Bg5 {White is more active.} (10. Bxc6 Nxc6 11. Nxc6 Qb6 $17) (10. Nxc6 $6 Qc7 11. d5 Nxc6 12. Bxc6 Be5 $11) 10... Qa5 $2 (10... Bb4 $16) 11. Bxf6 $1 $18 (11. Bxc6 $2 Nxc6 12. Bxf6 Nxe5 13. Bxe5 Bxe5 $19) 11... gxf6 12. Qg4+ (12. Nxc6 Nxc6 13. Qg4+ (13. Bxc6 Rac8 $17) 13... Kh8 $11) 12... Kh8 {[#]} 13. Qf5 fxe5 (13... Bxe5 14. dxe5) 14. Qf6+ (14. Qxe4 $2 f5 15. Qf3 exd4 $19) 14... Kg8 {Strongly threatening ...exd4.} 15. Qxd6 {0-0-0 would now be deadly.} exd4 16. Qxd4 (16. Bxc6 $2 Nxc6 17. Qxc6 dxc3 18. Qxc3 Qxc3+ 19. bxc3 Rac8 $19) 16... Rd8 17. Qe3 (17. Qxe4 Rd6 $16) 17... Nd7 (17... Qe5 $142 18. Rd1 (18. Nxe4 Rd4 $18) (18. Qxe4 Qxe4+ 19. Nxe4 Re8 $11) 18... Rxd1+ 19. Kxd1 Bb5) 18. O-O-O (18. Bxc6 Rac8 $18) (18. Qxe4 $2 Re8 19. Bxc6 Rxe4+ (19... Nf6 $2 20. Qxe8+ Rxe8+ 21. Bxe8 $19) 20. Bxe4 Rb8 $19) 18... Nc5 (18... Nf6 $142 19. Bxc6 Rac8 20. Rxd8+ (20. Bxe4 Re8 $18) 20... Rxd8 21. Qxa7 (21. Nxe4 Nxe4 22. Bxe4 Kg7 $18) (21. Rd1 Rxd1+ 22. Nxd1 Kg7 $18) 21... Qg5+ 22. Qe3 Qxg2) 19. Rxd8+ Rxd8 20. b4 Qxb4 21. Qg5+ (21. Bxc6 $2 {loses.} Nd3+ 22. Kd2 Nxf2+ (22... Ne5+ $2 23. Kc1 $19) 23. Ke1 Nd3+ (23... Nxh1 $2 24. Qg5+ Kf8 25. Qxd8+ Kg7 26. Qg5+ Kf8 27. Qf6 $18) 24. Kd1 Nf4+ $19 (24... Qxc3 25. Qg5+ Kh8 26. Qxd8+ Kg7 27. cxd3 $16) (24... Qxc3 $2 25. Qg5+ Kh8 26. Qxd8+ Kg7 27. cxd3 $16)) 21... Kf8 22. Qxd8+ Kg7 23. Qg5+ ({Inferior is} 23. Bxc6 Qxc3 24. Qg5+ Kf8 25. Qd8+ Kg7 $11) 23... Kf8 {[#]} 24. Rd1 $1 Nd3+ {[#]} 25. Rxd3 $1 exd3 26. Qf6 {And now Bb3 would win.} Bc4 27. Qd8+ Kg7 28. Qd4+ Kg8 29. cxd3 Qa3+ 30. Kd2 Qb2+ 31. Bc2 Bxa2 32. Qxa7 Be6 33. Qa8+ Kg7 34. Qxc6 Qb4 35. Qe4 Qb6 36. d4 f5 37. Qe5+ Kf7 38. Bxf5 Qb2+ 39. Bc2 {White mates.} Bb3 40. Qc7+ Kf6 41. Qb6+ {Black did not feel at home in the position after the opening.   Weighted Error Value: White=0.42/Black=0.47.  Loses game:     	---       	Black=1      Mistake:       	---       	Black=2      OK:         	White=6     	Black=3      Best:        	White=3     	---        Strong:       	White=1     	---} 1-0

[Event "45th FIDE Olympiad 2024"]
[Site "Budapest"]
[Date "2024.09.11"]
[Round "1.144"]
[White "Edwards, Emar"]
[Black "Draskovic, Luka"]
[Result "0-1"]
[ECO "D00"]
[WhiteElo "1898"]
[BlackElo "2497"]
[Annotator "TA"]
[PlyCount "102"]
[EventDate "2024.09.05"]
[EventType "team-tourn"]
[EventCountry "HUN"]
[SourceTitle "playchess.com"]
[Source "ChessBase"]
[SourceQuality "1"]
[WhiteTeam "Barbados"]
[BlackTeam "Montenegro"]
[WhiteTeamCountry "BAR"]
[BlackTeamCountry "MNE"]
[TimeControl "40/5400+30:1800+30"]

1. d4 Nf6 2. Nc3 d5 3. Bf4 e6 4. Nb5 Na6 5. e3 c6 6. Nc3 Qb6 7. a3 c5 (7... Qxb2 $2 {too greedy.} 8. Na4 Bb4+ 9. axb4 Qxb4+ 10. c3 $18) 8. Nf3 {The position is equal.} Bd7 9. Rb1 Rc8 10. Bd3 Be7 11. O-O O-O 12. Ne5 Nb8 13. dxc5 Qxc5 14. Qf3 Nc6 15. Qh3 {[#] And now Nxd7 would win.} g6 16. Nxc6 Bxc6 17. Rfd1 (17. Be5 {feels hotter.} a6 18. f4 Nd7 19. b4) 17... a6 18. b4 Qb6 ({Weaker is} 18... Qxc3 19. Rb3 $16) 19. Bg5 Qd8 20. Qh4 Re8 21. Ne2 (21. b5 $15 axb5 22. Nxb5) 21... Ba4 $17 22. Rdc1 Nd7 23. Bxe7 Qxe7 (23... Rxe7 $17 24. Ng3 Ne5) 24. Qxe7 $11 Rxe7 25. c4 dxc4 26. Rxc4 Rxc4 27. Bxc4 Ne5 28. Bb3 Bxb3 29. Rxb3 $15 {[%mdl 4096] Endgame. KRN-KRN} Rd7 30. h3 {Black continues to play with concentration.} ({White should play} 30. Nd4 $15) 30... Rd1+ $17 31. Kh2 Rd2 {Black is more active.} 32. Nf4 Rxf2 33. b5 (33. Nd3 $17 Nxd3 34. Rxd3) 33... Rd2 34. bxa6 bxa6 35. Rb6 Nc4 36. Rxa6 (36. Rb3) 36... e5 $19 {[%cal Oc4e3] Threatens to win with ...Nxe3!} ({Not} 36... Nxe3 37. Ra5 $19) 37. Rc6 (37. Ra8+ $142 Kg7 38. Ra7 exf4 39. exf4) 37... Nxe3 38. Nxg6 fxg6 {KRN-KR} 39. Re6 Rxg2+ 40. Kh1 Re2 41. a4 Nc4 42. Rc6 Nd2 43. Rc2 e4 44. a5 e3 45. a6 Re1+ 46. Kg2 Ra1 47. Rc8+ Kg7 48. Re8 Nc4 {[%cal Og7f7] ( -> ...Kf7!)} 49. Re4 Ra2+ {Black mates.} 50. Kg1 {[#]} Rxa6 $1 51. Rxc4 (51. Re8 Kf6) 51... Ra1+ {Weighted Error Value: White=0.45/Black=0.04 (flawless) .  Mistake:       	White=5     	Black=1      Inaccurate:     	White=4     	---        OK:         	White=14    	Black=14     Best:        	---       	Black=5} 0-1

[Event "45th FIDE Olympiad 2024"]
[Site "Budapest"]
[Date "2024.09.11"]
[Round "1.145"]
[White "Alrehaili, Ahmed Abdullah S"]
[Black "Cheng, Bobby"]
[Result "1-0"]
[ECO "B92"]
[WhiteElo "2117"]
[BlackElo "2588"]
[Annotator "TA"]
[PlyCount "79"]
[EventDate "2024.09.05"]
[EventType "team-tourn"]
[EventCountry "HUN"]
[SourceTitle "playchess.com"]
[Source "ChessBase"]
[SourceQuality "1"]
[WhiteTeam "Saudi Arabia"]
[BlackTeam "Australia"]
[WhiteTeamCountry "SAU"]
[BlackTeamCountry "AUS"]
[TimeControl "40/5400+30:1800+30"]

1. e4 c5 2. Nf3 d6 3. d4 cxd4 4. Nxd4 Nf6 5. Nc3 a6 6. Be2 e5 7. Nb3 Be7 8. O-O O-O 9. Kh1 h6 10. f4 Nc6 11. Qe1 b5 {The position is equal.} 12. a4 bxa4 13. Rxa4 a5 14. Qg3 Kh8 15. Rd1 Bd7 16. fxe5 dxe5 17. Bb5 {Threatens to win with Bxc6.} Bb4 $2 {White stays focused until the end.} (17... Qe8 $11 {and Black stays safe.}) 18. Bxc6 $40 {[%mdl 128] White has strong attack.} Bxc6 19. Rxd8 Raxd8 20. Ra1 Nxe4 {[#]} 21. Qh4 (21. Qxe5 $2 Bxc3 22. Qh5 Nf6 $19) 21... Bxc3 22. Bxh6 gxh6 23. Qxh6+ (23. bxc3 Rd6 $18) 23... Kg8 {White must now prevent ...Rd6.} 24. Qxc6 ({Less strong is} 24. bxc3 Rd6 25. Qe3 Rfd8 $14) 24... Bxb2 25. Qxe4 Bxa1 26. Qg4+ Kh8 27. Nxa1 f5 (27... a4 {was called for.} 28. h3 (28. Qxa4 $2 Rd1#) 28... Ra8 29. Qh5+ Kg8 30. Qxe5 a3 31. Qg3+ Kh7) 28. Qh5+ $18 Kg7 29. Nb3 a4 30. Nc5 Rf6 {[#] Against Ne6+} 31. Ne6+ $1 Rxe6 {[%mdl 4096] Endgame. KQ-KRR} 32. Qg5+ (32. Qxf5 $2 {leads to mate.} Rd1+) 32... Kf7 33. Qxd8 {KQ-KR} Ra6 34. Qc8 Rd6 35. Qxf5+ Kg8 36. h4 (36. Qxe5 $2 {is a self mate.} Rd1+) 36... a3 37. Qc8+ Kf7 38. Qf5+ Kg8 $1 39. Qg4+ Kh7 40. Qe4+ {Weighted Error Value: White=0.11 (very precise) /Black=0.68.  Loses game:     	---       	Black=2      Mistake:       	---       	Black=1      Inaccurate:     	White=4     	Black=5      OK:         	White=8     	Black=3      Best:        	White=1     	Black=3      Brilliant:      	White=1     	---} 1-0

[Event "45th FIDE Olympiad 2024"]
[Site "Budapest"]
[Date "2024.09.11"]
[Round "1.146"]
[White "Sardana, Rishi"]
[Black "Al Thebaiti, Ahmed M"]
[Result "1-0"]
[ECO "C78"]
[WhiteElo "2477"]
[BlackElo "1993"]
[Annotator "TA"]
[PlyCount "77"]
[EventDate "2024.09.05"]
[EventType "team-tourn"]
[EventCountry "HUN"]
[SourceTitle "playchess.com"]
[Source "ChessBase"]
[SourceQuality "1"]
[WhiteTeam "Australia"]
[BlackTeam "Saudi Arabia"]
[WhiteTeamCountry "AUS"]
[BlackTeamCountry "SAU"]
[TimeControl "40/5400+30:1800+30"]

1. e4 e5 2. Nf3 Nc6 3. Bb5 a6 4. Ba4 Nf6 5. O-O b5 6. Bb3 Bc5 7. c3 d6 8. d4 Bb6 9. Be3 O-O 10. Nbd2 h6 11. h3 Re8 12. Re1 Bb7 13. d5 Ne7 14. Bxb6 cxb6 15. Bc2 Ng6 {White has an edge.} 16. Bd3 Nd7 17. b4 Qf6 18. Bf1 Rec8 (18... Reb8 $14) 19. Rc1 (19. c4 $16) 19... Rc7 20. Qb3 Rac8 21. c4 Nf4 22. Qe3 Qd8 23. Rc3 (23. Qa3 $14) 23... bxc4 (23... f5 $1 $15 24. g3 (24. exf5 $2 Nxd5 25. cxd5 Rxc3 $19) 24... Ng6) 24. Rxc4 $11 b5 25. Rxc7 Qxc7 26. Nb3 {[#]} (26. Nh4 $14 {keeps the upper hand.}) 26... Qc3 $2 (26... f5 $1 $17 {...fxe4 is the strong threat.} 27. Rc1 (27. exf5 $2 Nxd5 28. Qd2 Qc3 $19) 27... Qb6 28. Rxc8+ Bxc8) 27. Qa7 Nxh3+ 28. gxh3 $18 Qxf3 29. Bg2 (29. Qxb7 $18 {and White stays clearly on top.} Rc2 30. Qa7 (30. Qxd7 $2 Qxf2+ 31. Kh1 Qh2#)) 29... Qf6 $2 (29... Qc3 $16 30. Rc1 Qxb4 (30... Qb2 $2 31. Rxc8+ Bxc8 32. Qc7 $18)) 30. Qxb7 Rc2 31. Rf1 (31. Qxd7 $2 {gets mated.} Qxf2+ 32. Kh2 Qxg2#) 31... Nf8 32. Qb8 {Hoping for Na5.} g5 $2 (32... h5 33. Na5 Qg5) 33. Na5 {[%cal Bb3a5,Ba5b7,Bb7d6,Bd6e8,Be8f6,Bf6h5][%mdl 32] White is clearly winning.} Kg7 34. Nb7 Ng6 35. Nxd6 {[#] White wants to mate with Ne8+.} Kh7 36. Ne8 Qf4 37. Qd6 Rc8 38. Nf6+ ({Not} 38. Qxa6 Rxe8 39. Qxb5 Ra8 $16) 38... Kh8 39. Nh5 {Weighted Error Value: White=0.35/Black=0.68.  Loses game:     	---       	Black=1      Mistake:       	White=4     	Black=5      Inaccurate:     	---       	Black=4      OK:         	White=5     	Black=5      Best:        	White=2     	Black=2} 1-0

[Event "45th FIDE Olympiad 2024"]
[Site "Budapest"]
[Date "2024.09.11"]
[Round "1.147"]
[White "Alshnaiber, Yazeed"]
[Black "Zhao, Zong-Yuan"]
[Result "0-1"]
[ECO "B92"]
[WhiteElo "1889"]
[BlackElo "2478"]
[Annotator "TA"]
[PlyCount "96"]
[EventDate "2024.09.05"]
[EventType "team-tourn"]
[EventCountry "HUN"]
[SourceTitle "playchess.com"]
[Source "ChessBase"]
[SourceQuality "1"]
[WhiteTeam "Saudi Arabia"]
[BlackTeam "Australia"]
[WhiteTeamCountry "SAU"]
[BlackTeamCountry "AUS"]
[TimeControl "40/5400+30:1800+30"]

1. e4 c5 2. Nf3 d6 3. d4 cxd4 4. Nxd4 Nf6 5. Nc3 a6 6. Be2 e5 7. Nb3 Be7 8. O-O O-O 9. Kh1 h6 10. f4 Nbd7 11. Qe1 b5 {Black has an edge.} 12. a4 b4 13. Nd5 Nxd5 14. exd5 a5 15. c4 bxc3 16. bxc3 Bf6 17. Ra2 Re8 18. Qf2 Ba6 (18... exf4 {seems wilder.} 19. Bxf4 Bxc3 20. Bxh6 Qf6) 19. Bxa6 Rxa6 20. fxe5 Nxe5 21. Nd4 Qa8 (21... Nd3 $15 22. Qf5 Nxc1 23. Rxc1 Qb6) 22. Nb5 (22. Qg3 $1 $14 Ng6 (22... Qxd5 23. Re2 $16) 23. Nc6) 22... Re7 (22... Qxd5 23. Nc7 Qc6 24. Nxe8 (24. Nxa6 Qxa6 25. Bd2 Qd3 $14) 24... Qxe8 25. Bxh6 $16) 23. Ba3 (23. Qf5 $11 {remains equal.}) 23... Nc4 ({Black should try} 23... Qxd5 $17 {...Ng4 is the strong threat.} 24. Rd2 Ng4 (24... Nd3 $2 25. Qg3 $18) 25. Rxd5 Nxf2+ 26. Kg1 Ne4) 24. Re2 $11 Rxe2 (24... Qxd5 $2 {perishes.} 25. Rxe7 Bxe7 26. Nc7 $18) 25. Qxe2 Qxd5 26. Nc7 {[%csl LRa6,LRd5] Repels Qe6} Qc6 27. Nxa6 {Strongly threatening Nb8.} Nxa3 28. Re1 Be5 29. Qb2 Qxa4 (29... Bxc3 $2 {too greedy.} 30. Rc1 (30. Qxa3 $2 {is the wrong capture.} Bxe1 31. Qb2 Bh4 $19) 30... Bxb2 31. Rxc6 $18) 30. Ra1 {[#]} (30. Qb8+ $11 Kh7 31. Qb7) 30... Qf4 $1 31. g3 {[#]} Qf3+ (31... Qf5 $1 $17 {White must now prevent ...Nc2.} 32. Qg2 Nb5 (32... Bxc3 33. Rxa3 Qb1+ 34. Qg1 $17)) 32. Qg2 Qxc3 $40 {[%mdl 128] Black mounts an attack.} 33. Qa8+ Kh7 34. Qe4+ $1 g6 35. Rf1 Kg7 {aiming for ...Qc8.} 36. Qd5 Bf6 37. Nb8 $2 (37. Qxd6 $11 Nb5 38. Qb6) 37... Qc4 $2 (37... Nc4 $19 {has better winning chances. ...Ne3 would now be deadly.} 38. Nd7 Ne3) 38. Qf3 $17 Bc3 39. Nd7 (39. Rc1 $142 Nb5 40. Nc6) 39... Nb5 40. Rd1 $2 (40. Nb6 $17 {is tougher.} Qe6 41. Nd5) 40... Qe6 (40... Qc7 $142 41. Rd3 a4 (41... Qxd7 $2 42. Rxc3 Nxc3 43. Qxc3+ Kg8 44. Qxa5 $19)) 41. Nb6 $19 Be5 ({Black should play} 41... Bd4 $19 42. Nd5 Be5 (42... a4 $2 43. Nc7 $19)) 42. Nd5 (42. Qd5 $15 Qf5 43. Nc4) 42... a4 {And now ...a3 would win.} 43. Qd3 Nd4 44. Nf4 (44. Ne3 $142) 44... Qc8 45. Qe4 {Repels Qa8} a3 46. Nd3 $2 (46. Rxd4 Qc1+ 47. Kg2) 46... Bf6 {Threatens to win with ...Qc2. Black is clearly winning.} 47. Rf1 a2 48. Nb4 Qc4 {Weighted Error Value: White=0.58/Black=0.43.  Loses game:     	White=3     	---        Mistake:       	White=6     	Black=6      Inaccurate:     	White=1     	Black=2      OK:         	White=11    	Black=14     Best:        	White=4     	Black=2      Strong:       	White=1     	---} 0-1

[Event "45th FIDE Olympiad 2024"]
[Site "Budapest"]
[Date "2024.09.11"]
[Round "1.148"]
[White "Smerdon, David C"]
[Black "Al Abdali, Zeyad Saleh"]
[Result "1-0"]
[ECO "B22"]
[WhiteElo "2475"]
[BlackElo "1780"]
[Annotator "TA"]
[PlyCount "53"]
[EventDate "2024.09.05"]
[EventType "team-tourn"]
[EventCountry "HUN"]
[SourceTitle "playchess.com"]
[Source "ChessBase"]
[SourceQuality "1"]
[WhiteTeam "Australia"]
[BlackTeam "Saudi Arabia"]
[WhiteTeamCountry "AUS"]
[BlackTeamCountry "SAU"]
[TimeControl "40/5400+30:1800+30"]

1. e4 c5 2. c3 Nf6 3. e5 Nd5 4. Nf3 e6 5. d4 cxd4 6. cxd4 d6 7. Bc4 Be7 8. O-O O-O 9. Qe2 Bd7 10. Nc3 {White is slightly better.} Nxc3 11. bxc3 Bc6 12. exd6 Qxd6 (12... Bxd6 {feels hotter.} 13. Ng5 h6 14. Nxf7 Rxf7 15. Qxe6 Qf6) 13. a4 Rc8 14. Ne5 {aiming for Ba3.} Bd5 {[#]} (14... Be8 $1 $14) 15. Bd3 $1 $16 {White is more active.} Rxc3 {[#]} (15... g6 $16 {was necessary.}) 16. Bxh7+ $1 $18 Kxh7 17. Qh5+ Kg8 18. Qxf7+ Kh7 19. Bf4 (19. Qg6+ $18 Kg8 20. Bb2) 19... Nc6 $1 $14 20. Nxc6 Qxc6 21. Qxe7 $40 {[%mdl 128] Be5 would now be deadly. White has some attack.} Bxg2 $2 {[%mdl 8192] [#]} (21... Qe8 $14 22. Qh4+ Kg8) 22. Be5 $1 $18 {White is clearly winning.} Rg8 23. Qh4+ Kg6 24. Qg4+ Kf7 25. Qxg2 Qa6 26. Rac1 Qc6 {[#]} 27. d5 $1 {Weighted Error Value: White=0.15 (very precise) /Black=0.63.  Loses game:     	---       	Black=1      Mistake:       	White=1     	Black=2      Inaccurate:     	---       	Black=3      OK:         	White=10    	Black=2      Best:        	White=1     	Black=1      Strong:       	White=2     	Black=1      Brilliant:      	White=1     	---} 1-0

[Event "45th FIDE Olympiad 2024"]
[Site "Budapest"]
[Date "2024.09.11"]
[Round "1.149"]
[White "Pelletier, Yannick"]
[Black "Njoroge, Martin"]
[Result "1-0"]
[ECO "D30"]
[WhiteElo "2526"]
[BlackElo "1972"]
[Annotator "TA"]
[PlyCount "75"]
[EventDate "2024.09.05"]
[EventType "team-tourn"]
[EventCountry "HUN"]
[SourceTitle "playchess.com"]
[Source "ChessBase"]
[SourceQuality "1"]
[WhiteTeam "Switzerland"]
[BlackTeam "Kenya"]
[WhiteTeamCountry "SUI"]
[BlackTeamCountry "KEN"]
[TimeControl "40/5400+30:1800+30"]

1. d4 d5 2. Nf3 e6 3. c4 Nf6 4. Bg5 Be7 5. e3 O-O 6. Nbd2 b6 7. Rc1 Bb7 8. cxd5 exd5 {The position is equal.} 9. Bd3 Nbd7 10. O-O c5 11. b3 Rc8 12. Ne5 Nxe5 13. dxe5 Ne4 14. Bf4 Nxd2 15. Qxd2 c4 16. Bf5 Ra8 (16... Rc5 $11 {remains equal.}) 17. bxc4 $16 {White is much more active. Black is now going downhill.} dxc4 {[#]} 18. Qc2 ({But not} 18. Qxd8 $6 Rfxd8 19. Rxc4 Ba6 $11) 18... g6 19. Rfd1 Qc7 20. Bd7 {[%cal Oc2a4] Black must now prevent Qa4!} ({Inferior is} 20. Qxc4 Qxc4 21. Rxc4 Ba6 $17 (21... gxf5 22. Rc7 $14)) 20... Rfd8 (20... Qc5 $16 21. Qxc4 Qxc4 22. Rxc4 Bc8) 21. e6 $18 ({Weaker is} 21. Qxc4 Qxc4 22. Rxc4 Bc8 $16) 21... Qc5 22. Qxc4 Qxc4 23. Rxc4 fxe6 {[#]} 24. Bc7 $1 Bd5 25. Bxd8 Rxd8 26. Rc7 Bxa2 $2 (26... a5 {might work better.} 27. a4 h5) 27. Rxa7 Bd5 {[#]} 28. e4 $1 Bc4 (28... Bxe4 29. Bxe6+) 29. Rc1 Bb3 {[#]} 30. Bxe6+ $1 Bxe6 31. Rxe7 {[%mdl 4096] Endgame. KRR-KRB} Bc4 32. f3 (32. Rxc4 $2 Rd1#) 32... b5 33. Rb7 h6 34. h4 Rd2 35. Ra1 {White threatens Ra8+ and mate.} Kh8 36. Ra8+ Bg8 37. Rbb8 Rxg2+ 38. Kxg2 {Weighted Error Value: White=0.06 (flawless) /Black=0.63.  Mistake:       	---       	Black=3      OK:         	White=12    	Black=5      Best:        	White=3     	Black=1      Strong:       	White=1     	---} 1-0

[Event "45th FIDE Olympiad 2024"]
[Site "Budapest"]
[Date "2024.09.11"]
[Round "1.150"]
[White "Oluka, Robert Mcligeyo"]
[Black "Peng, Li Min"]
[Result "1/2-1/2"]
[ECO "B53"]
[WhiteElo "1990"]
[BlackElo "2514"]
[Annotator "TA"]
[PlyCount "78"]
[EventDate "2024.09.05"]
[EventType "team-tourn"]
[EventCountry "HUN"]
[SourceTitle "playchess.com"]
[Source "ChessBase"]
[SourceQuality "1"]
[WhiteTeam "Kenya"]
[BlackTeam "Switzerland"]
[WhiteTeamCountry "KEN"]
[BlackTeamCountry "SUI"]
[TimeControl "40/5400+30:1800+30"]

1. e4 c5 2. Nf3 d6 3. d4 cxd4 4. Qxd4 Nf6 5. Nc3 Nc6 6. Bb5 Bd7 7. Bxc6 Bxc6 8. Bg5 e6 9. O-O-O Be7 10. Rhe1 O-O 11. e5 dxe5 12. Nxe5 Qc8 13. h4 Rd8 {Black is slightly better.} 14. Qf4 Qc7 15. Qc4 Rxd1+ 16. Nxd1 Rc8 17. Nxc6 (17. Bxf6 {simplifies} gxf6 18. Nxc6 Qxc6 19. Qxc6 Rxc6 20. c3) 17... bxc6 (17... Qxc6 {simplifies} 18. Qxc6 Rxc6 19. c3 Bd6) 18. Nc3 Qb7 19. Ne4 Nd5 (19... Qb5 $11 {deserves consideration.} 20. Qe2 Qd5) 20. Bxe7 $14 Qxe7 21. g3 c5 22. Nc3 Nb6 23. Qe4 c4 24. Qe5 h6 25. Rd1 Qb7 26. g4 Qf3 27. g5 hxg5 28. Qxg5 (28. hxg5 $14 Qxf2 29. a4) 28... Qxf2 $15 29. Rg1 g6 30. h5 $2 {[#]} (30. Rd1 $15) 30... Rc5 $1 $19 31. Qd8+ Kg7 32. h6+ Kh7 $1 33. Rd1 {[#] And now Qf8 would win.} Qe3+ (33... Kxh6 $2 34. Qh8+ Kg5 35. Ne4+ Kf5 36. Nxf2 $18) (33... Re5 $1 $19 {is more deadly.} 34. Qf8 Qf6) 34. Kb1 $17 Nd5 (34... Qxh6 $6 35. Ne4 Rf5 36. Nf6+ Kg7 37. Ne8+ Kh7 38. Nf6+ Kg7 39. Ne8+ Kh7 40. Nf6+ $11) ({Black should try} 34... Rf5 $1 $17 {aiming for ...Nd5.} 35. a4 Qc5 (35... Qxh6 36. Qb8 $15) (35... Kxh6 36. Qh8+ Kg5 37. Ne4+ Qxe4 38. Rg1+ $16)) 35. Ne4 $36 {[%mdl 2048] White has the initiative. The position is equal.} Qxe4 36. Qf8 {[%csl Gh6,LRc5,LRf7][%cal Rf8g7] Dancing on a razor blade.} Qe5 37. Qxf7+ (37. Qxc5 $2 Nc3+ (37... Kxh6 $2 38. Qf8+ Kh5 39. Rh1+ Kg4 40. Qxf7 $18) 38. bxc3 Qxc5 $19) 37... Kh8 $1 {Hoping for ...Rc7.} 38. Qf8+ (38. Qxg6 $2 Rc8 (38... Qf6 39. Qe8+ Kh7 40. Rg1 $11) 39. Rg1 Rb8 $19) 38... Kh7 {White must now prevent ...Rc7.} 39. Qf7+ (39. Qxc5 $2 {is the wrong capture.} Nc3+ (39... Kxh6 $2 {loses.} 40. Qf8+ Kh5 41. Rh1+ Kg4 42. Rg1+ $18) 40. bxc3 Qxc5 $19) 39... Kh8 $1 {Weighted Error Value: White=0.16 (very precise) /Black=0.17 (very precise) .  Loses game:     	White=1     	---        Mistake:       	White=1     	Black=3      Inaccurate:     	White=1     	Black=1      OK:         	White=13    	Black=10     Best:        	White=3     	Black=3      Strong:       	---       	Black=4} 1/2-1/2

[Event "45th FIDE Olympiad 2024"]
[Site "Budapest"]
[Date "2024.09.11"]
[Round "1.151"]
[White "Georgiadis, Nico"]
[Black "Wanasunia, Elvis Likoko"]
[Result "1-0"]
[ECO "D33"]
[WhiteElo "2510"]
[BlackElo "1942"]
[Annotator "TA"]
[PlyCount "55"]
[EventDate "2024.09.05"]
[EventType "team-tourn"]
[EventCountry "HUN"]
[SourceTitle "playchess.com"]
[Source "ChessBase"]
[SourceQuality "1"]
[WhiteTeam "Switzerland"]
[BlackTeam "Kenya"]
[WhiteTeamCountry "SUI"]
[BlackTeamCountry "KEN"]
[TimeControl "40/5400+30:1800+30"]

1. d4 d5 2. c4 e6 3. Nf3 Nf6 4. g3 c5 5. cxd5 exd5 6. Nc3 Nc6 7. Bg2 h6 8. O-O Be6 9. b3 Rc8 10. Bb2 Be7 11. Rc1 b6 {White is slightly better.} 12. dxc5 ({Better is} 12. e3 $16) 12... Bxc5 ({Black should try} 12... d4 $1 $11 13. cxb6 (13. Na4 b5 $11) 13... dxc3 14. Qxd8+ Bxd8 15. bxa7 Ne4 (15... cxb2 16. Rxc6 Ra8 17. Ra6 $11) (15... Nxa7 16. Rxc3 Rxc3 17. Bxc3 $14) 16. Bxc3 Nxc3 17. Rxc3 Nxa7 18. Rxc8 Bxc8 (18... Nxc8 19. Nd4 $15)) 13. Nb5 O-O 14. a3 Qd7 ({Black should play} 14... Ne4 $14) 15. Bxf6 $16 gxf6 16. b4 Be7 17. Nbd4 $36 {[%mdl 2048] White is really pushing.} Ne5 18. Qd2 Kg7 19. Qe3 {Nxe6+ would now be deadly.} Ng4 20. Qf4 f5 21. Bh3 {[#] Strongly threatening Nxe6+. White is more active.} Bd6 22. Qd2 Be7 (22... Rxc1 {might work better.} 23. Rxc1 Re8) 23. Nxe6+ $18 fxe6 24. Bxg4 fxg4 25. Qd4+ (25. Ne5 $142 Qe8 26. Rxc8 (26. Nxg4 Qh5 $18) 26... Qxc8 27. Nxg4) 25... e5 {[#]} (25... Bf6 26. Qxg4+ Kh7) 26. Nxe5 (26. Qxe5+ $2 {is the wrong capture.} Bf6 27. Rxc8 Rxc8 $19 (27... Bxe5 $2 28. Rxf8 Bd6 29. Ne5 $19)) 26... Bf6 27. Nxd7 Bxd4 28. Nxf8 {Weighted Error Value: White=0.19 (very precise) /Black=0.57.  Mistake:       	White=2     	Black=4      Inaccurate:     	White=1     	Black=2      OK:         	White=8     	Black=6      Best:        	White=4     	---} 1-0